[Event "FIDE WSCC 65 2022"]
[Site "Assisi"]
[Date "2022.11.18"]
[Round "2.1"]
[White "Biro, Sandor"]
[Black "Nunn, John D M"]
[Result "0-1"]
[ECO "B22"]
[WhiteElo "2084"]
[BlackElo "2580"]
[Annotator "TA"]
[PlyCount "95"]
[EventDate "2022.11.14"]
[EventType "swiss"]
[EventCountry "ITA"]
[SourceTitle "playchess.com"]
[Source "ChessBase"]
[SourceQuality "1"]
[TimeControl "40/5400+30:1800+30"]

1. e4 c5 2. c3 d5 3. exd5 Qxd5 4. d4 Nf6 5. Nf3 Bg4 6. Nbd2 Nc6 7. Bc4 Bxf3 8. Qb3 Na5 {B22: Sicilian: 2 c3.} 9. Qb5+ Qd7 $1 10. Nxf3 Nxc4 {The position is equal.} 11. Qxc4 cxd4 12. Nxd4 e5 13. Nf3 e4 14. Ng5 Rc8 15. Qe2 {[#]} Bc5 $146 (15... Qc6 $11) ({Predecessor:} 15... Qc6 16. f3 Ba3 17. Nxe4 O-O 18. Nxf6+ Qxf6 19. O-O Qb6+ 20. Be3 Qxb2 21. Qxb2 Bxb2 22. Rab1 Bxc3 23. Rxb7 a6 24. Rd1 f5 25. Rdd7 Bf6 26. Bg5 Be5 {½-½ (26) Lubas,J (2452)-Dubko,V (2405) ICCF email 2009}) 16. Be3 (16. Nxe4 $16 Nxe4 17. Qxe4+ Qe7 18. Qxe7+ Kxe7 19. Ke2) 16... Bxe3 $11 17. Qxe3 Qc6 18. O-O O-O $1 ({Don't do} 18... h6 19. Nxe4 $1 Qxe4 20. Qxe4+ Nxe4 21. Rfe1 $14) 19. f3 exf3 20. Nxf3 a6 21. Nd4 Qb6 22. Nf5 (22. Rae1 {with more complications.} Rce8 23. Qf2 Ne4 24. Qf5) 22... Qxe3+ 23. Nxe3 Rfd8 24. Rad1 Kf8 25. Nf5 Rxd1 26. Rxd1 {[%mdl 4096] Endgame KRN-KRN} g6 27. Ne3 Re8 28. Kf2 h5 29. Rd4 Re5 30. Kf3 Ke7 31. Rc4 Kd7 {Inhibits Rc7+.} 32. Rd4+ Ke6 33. Rc4 g5 34. Rd4 Ne8 35. Nc4 Rf5+ 36. Ke3 {And now Re4+ would win.} Nf6 {Prevents Re4+.} 37. Rd8 (37. Kd3 $11) 37... Ng4+ 38. Kd4 b5 {Hoping for ...Rf4+.} 39. Nb6 {[#]} (39. Na3 $17) 39... Rf2 $1 $19 (39... Nxh2 40. Ra8 $15) 40. Kc5 (40. Re8+ {might work better.} Kd6 41. Rh8) 40... Rxg2 ({Wrong is} 40... Rxb2 $2 41. Rd6+ Kf5 42. Nd5 $19) (40... Nxh2 $2 41. Ra8 $19) 41. h3 Nf6 ({Inferior is} 41... Rxb2 42. hxg4 hxg4 43. Re8+ Kf5 44. Re3 $17) 42. Nd5 $2 (42. Ra8 {was forced.}) 42... Nxd5 43. Rxd5 {KR-KR} f6 44. Rd6+ Kf5 45. Rxa6 Rxb2 {...g4 is the strong threat.} 46. Ra5 g4 47. c4 gxh3 48. Kd4 {Weighted Error Value: White=0.57/Black=0.07 (flawless)} 0-1

[Event "FIDE WSCC 65 2022"]
[Site "Assisi"]
[Date "2022.11.18"]
[Round "2.2"]
[White "Vaisser, Anatoly"]
[Black "Gal, Moshe"]
[Result "1-0"]
[ECO "A58"]
[WhiteElo "2463"]
[BlackElo "2076"]
[Annotator "TA"]
[PlyCount "85"]
[EventDate "2022.11.14"]
[EventType "swiss"]
[EventCountry "ITA"]
[SourceTitle "playchess.com"]
[Source "ChessBase"]
[SourceQuality "1"]
[TimeControl "40/5400+30:1800+30"]

1. d4 Nf6 2. c4 c5 3. d5 b5 4. cxb5 a6 5. bxa6 g6 6. Nc3 {A58: Benko/Volga Gambit: Lines with 5 bxa6.} Bg7 7. e4 O-O 8. a7 {White is slightly better.} Rxa7 9. Nf3 e6 10. Be2 exd5 11. exd5 d6 12. O-O Na6 13. Nb5 $1 {13.Nb5 scores better than 13.Bf4.} Rb7 14. Bf4 Rb6 {[#]} 15. Bd2 $146 {White is more active.} ({Predecessor:} 15. a4 Nb4 16. Bc4 Bf5 17. Rc1 Nh5 18. Bg5 Bf6 19. Qd2 Be4 20. Rc3 Bxg5 21. Nxg5 Bxd5 22. Bxd5 Nxd5 23. Qxd5 {½-½ (45) Kuljasevic,D (2546)-Le Roux,J (2538) Porticcio 2017}) 15... Qd7 {[#]} (15... Nxd5 $14 16. Ba5 Nf4) 16. a4 $1 $16 Re8 17. Ba5 Rb8 18. Bc4 Ne4 19. Nd2 (19. Re1 $18) 19... Nxd2 (19... Bxb2 $14 20. Rb1 Bg7) 20. Qxd2 $18 Bb7 21. Rae1 {Inhibits Re4.} Bf8 22. b3 Rbc8 23. h3 Rb8 24. Bc3 Nc7 25. Nxc7 Qxc7 26. Bb5 Rxe1 27. Rxe1 (27. Qxe1 Bxd5 28. Qe3 Qe7 $14) 27... Ra8 28. Qg5 {White wants to mate with Qf6.} Qd8 29. Qf4 {And now Re8 would win.} Be7 30. Qh6 $40 {[%mdl 128] White is out for blood.} (30. Bb2 $142) 30... Qf8 $2 (30... Bf8 31. Qf4 (31. Re8 $2 Qxe8 32. Qf4 Qe7 $19) 31... f5) 31. Qe3 Bd8 32. Qd2 Be7 33. Bb2 Ba6 (33... Qd8 $142 34. Qc3 f6) 34. Qc3 f6 35. Bc6 Ra7 36. g4 Qh6 37. Kg2 {aiming for b4.} Qg5 (37... Qf4 $142 38. Bc1 Qb4 39. Qxb4 cxb4) 38. Kg3 Qh6 39. Re6 {[%cal Oe6e7] Hoping for Rxe7!} Bc8 {[#]} 40. Rxe7 Rxe7 41. Qxf6 Rd7 (41... Re1 $18 42. Qh8+ (42. Qxd6 Rg1+ 43. Kh2 Rf1 $16) 42... Kf7) 42. Bxd7 Bxd7 43. Qd8+ {Weighted Error Value: White=0.42/Black=0.49} 1-0

[Event "FIDE WSCC 65 2022"]
[Site "Assisi"]
[Date "2022.11.18"]
[Round "2.3"]
[White "Madebrink, Lars"]
[Black "Knaak, Rainer"]
[Result "1/2-1/2"]
[ECO "D48"]
[WhiteElo "2084"]
[BlackElo "2457"]
[Annotator "TA"]
[PlyCount "78"]
[EventDate "2022.11.14"]
[EventType "swiss"]
[EventCountry "ITA"]
[SourceTitle "playchess.com"]
[Source "ChessBase"]
[SourceQuality "1"]
[TimeControl "40/5400+30:1800+30"]

1. d4 d5 2. c4 e6 3. Nc3 c6 4. e3 Nf6 5. Nf3 Nbd7 6. Bd3 dxc4 7. Bxc4 b5 8. Bd3 a6 9. O-O c5 10. a4 b4 11. Ne4 Bb7 12. Nxf6+ gxf6 {D48: Semi-Slav: Meran System: 7...b5 8 Bd3 a6.} (12... Qxf6 $11 {deserves consideration.} 13. b3 cxd4) 13. Re1 {[#]} Rg8 $146 ({Predecessor:} 13... Bd6 14. Bf1 Qc7 15. g3 h5 16. Bg2 Ke7 17. e4 cxd4 18. Qxd4 Qc5 19. Qd3 Rac8 20. Rd1 {0-1 (52) Zakhartsov,V (2472)-Kotanjian,T (2466) Moscow 2018}) 14. Bf1 f5 15. g3 Nf6 16. Bg2 Rc8 (16... Be4 {simplifies} 17. dxc5 Qxd1 18. Rxd1 Bxc5 19. Bd2 Rc8) 17. Bd2 (17. b3 $5 ) 17... Bd6 18. a5 Kf8 19. dxc5 Bxc5 20. Qe2 Kg7 21. Red1 (21. Rec1 {keeps more tension.} Qd6 22. Be1 Rgd8 23. Nh4) 21... Qe7 22. Ne5 Bxg2 23. Kxg2 Bd6 24. Nc4 Qb7+ 25. Kg1 Qb5 26. b3 Be7 27. Bc1 Ne4 28. Bb2+ Nc3 29. Qf3 ({Better is} 29. Rac1 $14) 29... Rcd8 {The position is equal.} 30. Rxd8 Rxd8 31. Rd1 Rxd1+ 32. Qxd1 Bf6 33. Qd6 Qb7 34. Qb6 Qe4 35. Qxb4 Qb1+ 36. Kg2 Qe4+ (36... Ne2 $2 37. Ba3 (37. Qd2 Qg1+ 38. Kf3 Qf1 $16) 37... Qe4+ 38. f3 $18) 37. Kg1 $1 Qb1+ 38. Kg2 Qe4+ (38... Ne2 $2 39. Ba3 (39. Qd2 Qg1+ 40. Kf3 Qf1 $16) 39... Qe4+ 40. f3 $18) 39. Kg1 $1 Qb1+ {Weighted Error Value: White=0.10 (very precise) /Black=0.10 (very precise)} 1/2-1/2

[Event "FIDE WSCC 65 2022"]
[Site "Assisi"]
[Date "2022.11.18"]
[Round "2.4"]
[White "Sideifzade, Fikret"]
[Black "Ubezio, Marco"]
[Result "1-0"]
[ECO "D27"]
[WhiteElo "2391"]
[BlackElo "2070"]
[Annotator "TA"]
[PlyCount "89"]
[EventDate "2022.11.14"]
[EventType "swiss"]
[EventCountry "ITA"]
[SourceTitle "playchess.com"]
[Source "ChessBase"]
[SourceQuality "1"]
[TimeControl "40/5400+30:1800+30"]

1. d4 Nf6 2. c4 e6 3. Nf3 c5 4. e3 d5 5. Nc3 a6 6. a3 dxc4 7. Bxc4 b5 8. Ba2 Bb7 9. O-O Nbd7 10. Qe2 Be7 {D27: Queen's Gambit Accepted: Classical main line: 7 e4!? and 7 a4.} 11. Rd1 (11. e4 $5 ) 11... Qb6 12. dxc5 Nxc5 {The position is equal.} 13. b4 Nce4 14. Nxe4 Bxe4 15. Bb2 {[#]} Bg6 $146 (15... Rc8 $11) ({Predecessor:} 15... O-O 16. Nd4 Rfd8 17. f3 Bd5 18. Bxd5 Nxd5 19. Rac1 Rac8 20. Rxc8 Rxc8 21. Rc1 Rxc1+ 22. Bxc1 Bg5 23. Nc2 f5 24. g3 Bf6 25. Kg2 Qc6 26. Qd3 Qc3 {½-½ (26) Kohn,S (2131)-Moerschbach,U (2098) Germany 2013}) 16. Ng5 {White is more active.} ({White should try} 16. Ne5 $14) 16... O-O 17. Nh3 (17. Bd4 {with more complications.} Qb7 18. Qf3 Rfb8 19. Rdc1) 17... Rac8 18. Rac1 Rfd8 19. Nf4 Be4 20. Bd4 Rxc1 21. Rxc1 Qb8 {[#] Hoping for ...e5.} 22. Qb2 {Inhibits e5.} Rc8 23. Rxc8+ Qxc8 24. f3 Qc2 25. Qxc2 (25. fxe4 $2 {gets mated.} Qd1+ 26. Kf2 Nxe4#) 25... Bxc2 26. e4 Kf8 27. Kf2 Nd7 28. Ne2 Bd6 29. g3 Ne5 30. Ke3 Ke7 31. h3 f6 32. f4 (32. Kd2 $5 Ba4 33. f4 Nc4+ 34. Bxc4 bxc4 35. Nc3 $14) 32... Nc6 33. Bb6 h5 (33... Bd1 $11) 34. h4 (34. Nc3 $5) 34... Bb8 {[#]} (34... Bd1 $14) 35. Nc3 $1 $16 Ba7 (35... Kd7 $16 {might work better.}) 36. Bxa7 $18 Nxa7 {[%mdl 4096] Endgame KBN-KBN} 37. Kd4 (37. Kd2 $18 {and the rest is easy.} Ba4 38. e5) 37... Nc8 38. Kc5 {aiming for e5.} Kd7 (38... Nd6 $16) 39. e5 fxe5 40. fxe5 {Ne2 is the strong threat.} Bf5 $2 (40... Bd3 41. a4 Na7) 41. Ne2 Bg4 42. Nf4 {White is clearly winning.} Bf5 43. Nxh5 g6 44. Nf6+ Kc7 45. g4 {Weighted Error Value: White=0.14 (very precise) /Black=0.32} 1-0

[Event "FIDE WSCC 65 2022"]
[Site "Assisi"]
[Date "2022.11.18"]
[Round "2.5"]
[White "Gueci, Riccardo"]
[Black "Jansa, Vlastimil"]
[Result "0-1"]
[ECO "B46"]
[WhiteElo "2068"]
[BlackElo "2390"]
[Annotator "TA"]
[PlyCount "80"]
[EventDate "2022.11.14"]
[EventType "swiss"]
[EventCountry "ITA"]
[SourceTitle "playchess.com"]
[Source "ChessBase"]
[SourceQuality "1"]
[TimeControl "40/5400+30:1800+30"]

1. e4 c5 2. Nf3 e6 3. Nc3 a6 4. d4 cxd4 5. Nxd4 Nc6 6. Qd3 {B46: Sicilian: Taimanov: 5 Nc3 a6.} Nf6 {6...Nxd4 is becoming the main line.} 7. Nxc6 bxc6 {[#]} 8. Bd2 $146 (8. e5 $14 Nd5 9. Ne4) ({Predecessor:} 8. e5 Nd5 9. Ne4 Nb4 10. Qc3 Qa5 11. Bd2 Qd5 12. Nd6+ Bxd6 13. exd6 a5 14. Qxg7 {1-0 (36) Deac,B (2679)-Alonso Rosell,A (2570) Chess.com INT 2022}) 8... d5 $11 9. e5 Nd7 10. Qg3 Qc7 11. f4 Bb7 12. Na4 c5 13. c4 Qc6 14. Qb3 d4 15. O-O-O Rb8 16. Be2 {Against g5} ({White should try} 16. Re1 $15) 16... Be7 (16... Qxg2 $19 17. Rde1 Be7) 17. Rhg1 O-O 18. Qc2 f6 19. b3 $2 (19. exf6 $15 Nxf6 20. Bd3) 19... fxe5 $19 20. fxe5 Rf2 21. Bd3 (21. Bf3 $17 Qc7 22. Rdf1 Rxf1+ 23. Rxf1) 21... Nxe5 (21... Rxg2 22. Bxh7+ Kh8 23. Rxg2 Qxg2 24. Qg6 Qxg6 25. Bxg6 $17) 22. Bxh7+ Kh8 23. Rge1 (23. Nb2 $142 Rxg2 24. Nd3 Rxg1 25. Rxg1) 23... Qd6 24. Be4 (24. Nb2 $142 Rxg2 25. Be4) 24... d3 25. Qc3 {Strongly threatening Bxb7.} Bf6 {...Bxe4 is the strong threat.} (25... Bxe4 $2 26. Rxe4 Bf6 27. Bf4 $19) 26. Bxb7 Rxb7 (26... Nd7 $2 27. Qa5 Rxb7 28. Nc3 $19) 27. Qa5 {[#]} (27. Rf1 $142 Rxf1 28. Rxf1) 27... Qd4 $2 (27... Rxg2 28. Qxc5 Qb8 29. Rxe5 Bxe5 30. Qe3 $19) (27... Nxc4 $1 $19 28. Qxc5 Bb2+ $1 29. Kb1 Nxd2+ 30. Rxd2 Qxc5 31. Nxc5 Rxd2 32. Nxd3 Bd4) 28. Qc3 $17 Qd6 {[%mdl 8192] Black has more active pieces.} ({Weaker is} 28... Rxg2 29. Qxd4 cxd4 30. Nc5 $15) (28... Qxc3+ $17 29. Nxc3 Nxc4 $1 ) 29. Qa5 $1 $19 {[#]} Nd7 $2 $40 {[%mdl 128] Black attacks with force.} (29... Rxg2 30. Qxc5 Qb8 31. Rxe5 Bxe5 32. Qe3 $19) (29... Nxc4 $1 30. Qxc5 {[#]} Bb2+ $1 31. Kb1 Nxd2+ 32. Rxd2 Qxc5 33. Nxc5 Rxd2 34. Nxd3 Bd4) 30. Re4 $2 (30. Re3) 30... Rxg2 (30... Qxh2 31. Rxe6 Rxg2 32. Nb2 $17) 31. h4 Rb8 {[%cal Ob8b4] And now ...Rb4! would win.} 32. Rde1 Re8 ({Not} 32... Be5 $2 33. Kd1 $19) 33. b4 (33. R4e3 $142) 33... Qh2 34. bxc5 Bxh4 35. Rxh4+ Qxh4 36. c6 (36. Qc3 $142 Rg4 37. Qxd3 Rxc4+ 38. Nc3 Nxc5 39. Qg6) 36... Qxc4+ 37. Nc3 Nf6 {Hoping for ...Nd5.} (37... Qxc6 $2 38. Qh5+ Kg8 39. Qxe8+ Nf8 40. Qxc6 $18) 38. c7 Rc8 39. Qb6 Rxc7 {[%cal Og2d2] ( -> ...Rxd2!)} 40. Rxe6 {[#]} Rxd2 $1 {Weighted Error Value: White=1.41/Black=0.74} 0-1

[Event "FIDE WSCC 65 2022"]
[Site "Assisi"]
[Date "2022.11.18"]
[Round "2.6"]
[White "Birnboim, Nathan"]
[Black "Fulvi, Fulvio"]
[Result "1-0"]
[ECO "A49"]
[WhiteElo "2361"]
[BlackElo "2065"]
[Annotator "TA"]
[PlyCount "51"]
[EventDate "2022.11.14"]
[EventType "swiss"]
[EventCountry "ITA"]
[SourceTitle "playchess.com"]
[Source "ChessBase"]
[SourceQuality "1"]
[TimeControl "40/5400+30:1800+30"]

1. d4 Nf6 2. Nf3 g6 3. g3 Bg7 4. Bg2 d6 5. O-O O-O 6. Nc3 c5 7. dxc5 {A49: 1 d4 Nf6 2 Nf3 g6 3 g3: Anti-King's Indian systems.} dxc5 8. Be3 Qa5 {[#]} 9. Ne5 $146 {White is slightly better.} ({Predecessor:} 9. Nd2 Nbd7 10. h3 Rb8 11. a4 a6 12. Bf4 e5 13. Be3 Qc7 14. Nc4 Rd8 15. Qd6 Qxd6 16. Nxd6 {1-0 (41) Soysal,S (2406)-Karagollu,A (2127) Ankara 2018}) 9... Nbd7 10. Nc4 Qd8 (10... Qa6 $14 11. Qd3 Nb6) 11. Qd3 {White is much more active. The black rooks are badly placed.} Nb6 12. Nxb6 (12. Bxc5 $16 {Black must now prevent Qxd8.} Qc7 13. Nxb6 axb6 14. Bd4) 12... Qxd3 (12... axb6 $14 13. Rfd1 Bf5) 13. exd3 $16 axb6 14. Rfe1 h6 15. h3 g5 16. g4 Ra6 17. a3 Ra8 18. Rad1 e5 19. Bd2 Rb8 20. Nb5 Be6 21. Bc3 Nd7 22. Nd6 f5 $2 {[#] Black cannot hold the game after this.} (22... Bf6 $16 23. a4 (23. Nxb7 Be7 $16) 23... Kg7 24. Nxb7 (24. Bxb7 Be7 $17) 24... Ra8) 23. gxf5 $18 (23. Bxb7 fxg4 24. hxg4 Bxg4 $14) 23... Bxf5 (23... Rxf5 24. Nxf5 (24. Bxb7 Rf4 $16) 24... Bxf5) 24. Bd5+ {White is clearly winning.} (24. Nxb7 Rf6 $16) ({Weaker is} 24. Bxb7 Bxh3 25. Bd5+ Kh7 $16) 24... Kh7 25. Nxf5 ({Less strong is} 25. Nxb7 Bxh3 26. Nd6 Rbd8 $14) 25... Rxf5 26. Be6 {[%csl LRd7,LRf5] Weighted Error Value: White=0.14 (very precise) /Black=0.46} 1-0

[Event "FIDE WSCC 65 2022"]
[Site "Assisi"]
[Date "2022.11.18"]
[Round "2.7"]
[White "Kratschmer, Heinz"]
[Black "Fernandez Garcia, Jose Luis"]
[Result "1/2-1/2"]
[ECO "D27"]
[WhiteElo "2058"]
[BlackElo "2358"]
[Annotator "TA"]
[PlyCount "120"]
[EventDate "2022.11.14"]
[EventType "swiss"]
[EventCountry "ITA"]
[SourceTitle "playchess.com"]
[Source "ChessBase"]
[SourceQuality "1"]
[TimeControl "40/5400+30:1800+30"]

1. d4 d5 2. Nf3 c5 3. c4 dxc4 4. e3 a6 5. Bxc4 e6 6. O-O Nf6 7. dxc5 Bxc5 8. Qxd8+ Kxd8 9. a3 b5 10. Be2 Bb7 11. b4 Bd6 12. Bb2 Nbd7 13. Rd1 Ke7 $1 14. Nbd2 {D27: Queen's Gambit Accepted: Classical main line: 7 e4!? and 7 a4.} Rhc8 15. Rac1 Bd5 16. Nd4 {[#]} Rxc1 $146 ({Predecessor:} 16... Nb6 17. f3 Na4 18. Ba1 Nd7 19. e4 Bb7 20. g3 Bc7 21. f4 Bb6 22. Kg2 g6 {0-1 (49) Scannell,S (2152)-Jonkman,H (2383) Belfast 2001}) 17. Rxc1 Kd8 18. N2b3 Rc8 19. h3 Rxc1+ 20. Bxc1 Bc7 {[#] White must now prevent ...e5.} 21. Nc5 (21. Bd1 $11 {keeps the balance.}) 21... Bb6 $2 (21... Nxc5 $17 22. bxc5 Ne4) 22. Nxd7 {White is much more active.} ({White has to play} 22. Nxa6 $16 Bc4 23. Bxc4 bxc4 24. Nb5) 22... Nxd7 $11 23. Nb3 $2 Kc7 $2 (23... Bxb3 $19 24. Bf3 Kc7) 24. Kf1 $2 Bf3 $4 (24... Bxb3 $19 {avoids the disaster.} 25. Bb2 e5) 25. Ke1 $2 ({Don't play} 25. gxf3 e5 26. Bb2 g6 $18) (25. Bxf3 $18 Kc8 26. Bb2) 25... Bxe2 ({Black should try} 25... Bxg2 $17 26. Bb2 e5) 26. Kxe2 $17 {[%mdl 4096] Endgame KBN-KBN} Ne5 27. Kd2 Nc4+ 28. Kc3 Kd6 29. e4 (29. Nd2 $11) 29... f5 (29... Bxf2 $17 {Hoping for ...f5.} 30. Kd3 Bb6) 30. exf5 (30. f3 $1 $11) 30... exf5 31. f3 ({Better is} 31. a4 $15) 31... Kd5 32. Be3 $2 {[%mdl 8192] Prevents Bg1.} (32. Kd3 $17) 32... h5 $2 ({Black should play} 32... Bxe3 $19 33. g4 Nxa3) 33. Bc1 (33. Bxb6 $11 {remains equal.} Nxb6 34. Nc5) 33... Kd6 (33... Be3 $17) 34. Kc2 (34. Nd4 $11) 34... Kd5 (34... g6 $15) 35. Kd3 (35. Kc3 $11) 35... g6 36. Ke2 Bd4 37. Kd3 $1 Bb2 38. Bxb2 Nxb2+ $11 {KN-KN} 39. Kc3 Nc4 40. Nc5 h4 41. Nxa6 {[#] Nc7+ is the strong threat.} Ne3 42. Nc7+ Kc6 43. Ne6 Nxg2 44. Nd4+ Kd5 45. Nxb5 Nf4 46. Kd2 ({But not} 46. Nc7+ $2 Kc6 47. Ne8 Nxh3 48. b5+ Kc5 $19) 46... Nxh3 47. Ke3 {Against Nf4} g5 48. Nc7+ Kd6 (48... Ke5 $5 49. b5 $8 Nf4 $11) 49. Nb5+ Ke5 50. a4 $2 (50. Nc3 $11) 50... Nf4 $19 51. Nc3 h3 52. Nd1 h2 $2 (52... g4 $19 {( -> ...g3)} 53. Nf2 Nd5+ 54. Kd3 Kf4) 53. Nf2 $11 {The position is equal.} Nd5+ 54. Ke2 Kf4 55. Nh1 $1 Nc3+ 56. Kf2 Nxa4 57. b5 Nb6 58. Kg2 Nd5 59. Ng3 Ne3+ 60. Kxh2 Ke5 {Weighted Error Value: White=0.87/Black=0.62} 1/2-1/2

[Event "FIDE WSCC 65 2022"]
[Site "Assisi"]
[Date "2022.11.18"]
[Round "2.8"]
[White "Kristiansen, Jens"]
[Black "Bagamasbad, Efren"]
[Result "0-1"]
[ECO "D05"]
[WhiteElo "2353"]
[BlackElo "2051"]
[Annotator "TA"]
[PlyCount "57"]
[EventDate "2022.11.14"]
[EventType "swiss"]
[EventCountry "ITA"]
[SourceTitle "playchess.com"]
[Source "ChessBase"]
[SourceQuality "1"]
[TimeControl "40/5400+30:1800+30"]

1. Nf3 Nf6 2. d4 e6 3. e3 b6 4. Bd3 Bb7 5. O-O Be7 6. c4 d5 7. b3 O-O 8. Bb2 Nbd7 $1 {8...Nbd7 is better than 8...c5.} 9. Nbd2 Ne4 {D05: Colle System with ...e6.} 10. Qc2 f5 11. Rad1 c6 {[#] The position is equal.} 12. Ne1 $146 (12. Ne5 {simplifies} Nxe5 13. dxe5 Nxd2 14. Qxd2 Qd7 15. cxd5 cxd5 16. Rc1) ({Predecessor:} 12. Ne5 Nxe5 13. dxe5 Rc8 14. Nxe4 fxe4 15. Bxe4 g6 16. Bxg6 hxg6 17. Qxg6+ Kh8 18. Qh6+ Kg8 19. Rd4 Rf5 20. Qxe6+ Rf7 21. Rg4+ Kf8 22. Qh6+ {1-0 (22) Kugappi,T (2067)-Olander,A (2078) Jyvaskyla 2017}) 12... Bb4 13. Nb1 Bd6 14. f3 {[#]} Qg5 $1 15. g3 (15. Bc1 $11 {deserves consideration.}) (15. f4 Qh6) 15... Qh6 $2 {Black has more active pieces.} 16. Kg2 (16. fxe4 $16 fxe4 17. Be2) 16... Ng5 $40 {[%mdl 128] Black is up to no good.} (16... Ndf6 $5) 17. Nc3 Nh3 (17... Nf6 {simplifies} 18. Kg1 dxc4 19. bxc4 Rae8) 18. Bc1 g5 19. e4 ({White should play} 19. cxd5 $15 cxd5 20. Nb5) 19... Bb4 $2 (19... fxe4 $17 {keeps the pressure on.} 20. fxe4 Rxf1 21. Bxf1 Rf8) 20. Bd2 $4 (20. exf5 $18 {and life is good for White.} Rf7 21. fxe6 Qxe6 22. Qe2) 20... dxe4 $19 21. fxe4 Rae8 $2 (21... Bxc3 $19 22. Qxc3 c5) 22. Nf3 ({White should try} 22. exf5 Bxc3 23. Bxc3 (23. Qxc3 $2 {loses.} c5+ 24. d5 exd5 $19) 23... c5+ 24. Be4 (24. d5 $2 exd5 25. cxd5 Bxd5+ 26. Nf3 g4 $19) 24... Bxe4+ 25. Qxe4) 22... c5 $17 23. Bc1 $2 (23. d5 fxe4 24. Nxe4 Bxd2 25. Qxd2 exd5 26. cxd5) 23... Nf6 24. Qe2 (24. Nd5 $142 exd5 25. exd5) 24... Ba8 (24... Bxc3 $142 25. dxc5 fxe4 26. Bxe4 Bxe4) 25. Bd2 Bb7 $2 (25... Bxc3 $19 26. Nxg5 Nxg5 27. Bxg5 Qxg5 28. dxc5 Nxe4) 26. e5 (26. Bc1 $11 Bxc3 27. dxc5 bxc5 28. Nh4 fxe4 29. Kxh3 exd3 30. Rxd3) 26... Bxc3 $19 {Black is clearly winning.} 27. exf6 Bxd4 {Hoping for ...Qh5.} 28. Rfe1 Qh5 {White must now prevent ...g4.} 29. Ra1 {Weighted Error Value: White=1.64/Black=1.16} 0-1

[Event "FIDE WSCC 65 2022"]
[Site "Assisi"]
[Date "2022.11.18"]
[Round "2.9"]
[White "Ricter, Jean-Paul"]
[Black "Legky, Nikolay A"]
[Result "0-1"]
[ECO "C38"]
[WhiteElo "2050"]
[BlackElo "2350"]
[Annotator "TA"]
[PlyCount "60"]
[EventDate "2022.11.14"]
[EventType "swiss"]
[EventCountry "ITA"]
[SourceTitle "playchess.com"]
[Source "ChessBase"]
[SourceQuality "1"]
[TimeControl "40/5400+30:1800+30"]

1. e4 e5 2. f4 exf4 3. Nf3 g5 4. Bc4 Bg7 5. d4 d6 6. O-O Nc6 7. c3 h6 8. g3 Bh3 9. Rf2 (9. gxf4 $17 Bxf1 10. Qxf1) 9... Nge7 {C38: King's Gambit Accepted: 3 Nf3 g5 4 Bc4 Bg7.} ({Better is} 9... Nf6 $19 10. Qd3 fxg3 11. hxg3 Qd7) 10. gxf4 $11 {[#]} O-O $146 (10... gxf4 $11 11. Bxf4 Qd7) ({Predecessor:} 10... g4 11. Nh4 Qd7 12. d5 Na5 13. Be2 c5 14. Na3 {1-0 (14) Wolf,B (1735)-Mascetra,N (1863) FICGS email 2010}) 11. fxg5 $18 hxg5 (11... h5 12. g6 d5 13. exd5 Na5) 12. Qd3 $2 (12. Bxg5 Qd7 13. Nbd2 Bg4 $18) (12. Nxg5 {Qh5 would kill now.} Qd7 13. Rf4) 12... Ng6 $2 (12... Qc8 13. Nxg5 (13. Bxg5 Ng6 $16) 13... Na5 14. Nxh3 (14. Bxf7+ Rxf7 15. Nxh3 Rxf2 $18) 14... Nxc4) 13. e5 $2 (13. Bxg5 Qd7 $16) (13. Nxg5 Qd7 14. Qxh3 Qxh3 15. Nxh3) 13... Ngxe5 $2 (13... Nf4 14. Bxf4 gxf4) 14. Nxe5 (14. dxe5 dxe5 15. Qc2 e4 $18) 14... Bxe5 (14... Nxe5 $142 15. dxe5 (15. Qxh3 Nxc4 16. Nd2 Nxd2 $14) 15... Be6 16. Bxe6 fxe6 17. Rxf8+ Qxf8 18. Bxg5 Bxe5 19. Qg6+ Qg7 20. Qxe6+ Kh8 21. Qh3+ Qh7 22. Qxh7+ Kxh7) 15. Re2 $2 (15. Qxh3 $18 Bg7 16. Qh5) 15... Bg7 (15... Qc8 $16 {is a better chance.}) 16. Bf4 $2 (16. Qxh3 $18 Qf6 17. Qh5) 16... g4 (16... Qc8 $1 $17 17. Bg3 Qf5 18. Qxf5 Bxf5) 17. Nd2 $14 Re8 (17... Qf6 $14 18. Rf2 Ne7) 18. Qf3 $4 Rxe2 $2 (18... gxf3 $19 19. Rf2 Nxd4 $1 20. cxd4 Bxd4 21. Nxf3 Bc5) 19. Qxe2 $11 Qf6 20. Bg3 (20. Qe3 {seems wilder.} Ne7 21. Bg5 Nf5 22. Qf4) 20... Rf8 21. Bd3 {[%mdl 1024] White has compensation.} (21. Ne4 {looks sharper.} Qf3 22. Qxf3 gxf3 23. Ng5) 21... Qh6 {White must now prevent ...f5.} 22. Re1 (22. Qf2 $1 $11) 22... f5 $17 23. Bc4+ {[#]} Kh8 $1 24. Qd3 (24. Qf2 $17 {is the only way for White.}) 24... f4 25. Bf2 {Inhibits d5.} Qh5 (25... f3 26. Ne4 $17) (25... Bf6 $19 {...Ne7 is the strong threat.} 26. Ne4 Be7) 26. b4 $2 (26. Qe4 $17) 26... Nd8 (26... d5 $19 {and Black stays clearly on top.} 27. Bb3 Bf6) 27. Re7 $2 (27. Qe4 $17) 27... Nf7 {Chess con chili.} (27... d5 $19 {is more deadly.} 28. Bb5 Bf6 29. Rxc7 g3 30. hxg3 fxg3 31. Bxg3 (31. Qxg3 $2 Rg8 $19) 31... Rg8) 28. Bxf7 (28. Rxc7 Ng5 29. d5 (29. Rxb7 Nf3+ 30. Nxf3 gxf3) 29... Nf3+ 30. Nxf3 gxf3 $19) (28. Rxf7 $17 Rxf7 29. Bxf7 Qxf7 30. d5) 28... Rxf7 $19 29. Re8+ {[#]} (29. Qe2 $142) 29... Bf8 $1 ({And not} 29... Rf8 30. Rxf8+ Bxf8 31. Qe4 $17) 30. d5 g3 {Weighted Error Value: White=1.42/Black=1.35} 0-1